 Dungeon Crawl Stone Soup version 0.23-a0-419-g0174fd80c1 (webtiles) character file.

10042 Pilesh the Cleaver (level 11, -10/97 HPs)
             Began as a Minotaur Fighter on Nov 12, 2018.
             Was a High Priest of Okawaru.
             Mangled by a yak (11 damage)
             ... while paralysed by Maurice
             ... on level 11 of the Dungeon.
             The game lasted 00:18:48 (9165 turns).

Pilesh the Cleaver (Minotaur Fighter)               Turns: 9165, Time: 00:18:49

Health: -10/97     AC: 17    Str: 27    XL:     11   Next: 31%
Magic:  10/10      EV:  2    Int:  5    God:    Okawaru [*****.]
Gold:   1034       SH:  0    Dex:  9    Spells: 10/10 levels left

rFire    . . .     SeeInvis .   a - +3 war axe
rCold    + . .     Gourm    .   c - +2 shield
rNeg     . . .     Faith    .   g - +2 chain mail {rC+}
rPois    .         Spirit   .   (helmet restricted)
rElec    .         Reflect  .   x - +1 cloak
rCorr    .         Harm     .   (no gloves)
MR       .....     Rnd*Tele +   n - +0 pair of boots
Stlth    ..........             (no amulet)
HPRegen  0.26/turn              i - ring of flight
MPRegen  0.12/turn              (no ring)

@: paralysed, hasted
A: retaliatory headbutt, horns 2, sense surroundings 1, strong 1, teleportitis
1, wild magic 1
a: Heroism, Finesse, Renounce Religion, Evoke Flight


You were on level 11 of the Dungeon.
You worshipped Okawaru.
Okawaru was extremely pleased with you.
You were not hungry.

You visited 2 branches of the dungeon, and saw 12 of its levels.

You collected 1034 gold pieces.

Inventory:

Hand Weapons
 a - a +3 war axe (weapon)
 j - a +1 dire flail of holy wrath
Missiles
 t - 3 throwing nets (quivered)
Armour
 c - a +2 shield (worn)
 g - a +2 chain mail of cold resistance (worn)
 n - a +0 pair of boots (worn)
 p - a +0 plate armour
 x - a +1 cloak (worn)
Jewellery
 i - a ring of flight (left hand)
Wands
 b - a wand of acid (10)
 q - a wand of flame (31)
 r - a wand of disintegration (6)
 u - a wand of random effects (22)
 y - a wand of polymorph (10)
 A - a wand of enslavement (3)
Scrolls
 d - 4 scrolls of magic mapping
 e - 2 scrolls of amnesia
 m - 4 scrolls of remove curse
 s - a scroll of immolation
Potions
 h - 6 potions of curing
 k - a potion of brilliance
 l - 3 potions of lignification
 v - a potion of resistance
 w - 3 potions of heal wounds
 B - a potion of cancellation
Comestibles
 f - 12 rations


   Skills:
 + Level 9.5 Fighting
 * Level 12.4 Axes
 + Level 9.4 Armour
 + Level 7.9 Dodging
 + Level 9.5 Shields


You had 10 spell levels left.
You didn't know any spells.
Your spell library contained the following spells:

 Spells                   Type           Power        Failure   Level  Hunger
 Confusing Touch          Hex            #.....       99%         1    ##.....
 Ensorcelled Hibernation  Hex/Ice        #.....       100%        2    ###....
 Confuse                  Hex            #.......     100%        3    ####...
 Gell's Gravitas          Tloc           #.........   100%        3    ####...
 Petrify                  Tmut/Erth      #.......     100%        4    #####..
 Borgnjor's Vile Clutch   Necr/Erth      #.........   100%        5    ######.
 Metabolic Englaciation   Hex/Ice        #.........   100%        5    ######.
 Silence                  Hex/Air        #.........   100%        5    ######.
 Yara's Violent Unravell  Hex/Tmut       #.........   100%        5    ######.
 Darkness                 Hex            #.........   100%        6    #######
 Poison Arrow             Conj/Pois      #.........   100%        6    #######
 Shadow Creatures         Summ           N/A          100%        6    #######
 Chain Lightning          Conj/Air       #.........   100%        8    #######
 Lehudib's Crystal Spear  Conj/Erth      #.........   100%        8    #######
 Fire Storm               Conj/Fire      #.........   100%        9    #######
 Glaciate                 Conj/Ice       #.........   100%        9    #######


Dungeon Overview and Level Annotations

Branches:
Dungeon (11/15)            Temple (1/1) D:5
   Lair: D:8-11         Orc: D:9-12

Altars:
Ashenzari
Cheibriados
Dithmenos
Elyvilon
Fedhas
Gozag
Hepliaklqana
Kikubaaqudgha
Makhleb
Nemelex Xobeh
Okawaru
Qazlal
Ru
Sif Muna
Trog
Uskayaw
Vehumet
Wu Jian
Xom
Yredelemnul
Zin
The Shining One

Shops:
D:7 [

Annotations:
D:11 Maurice


Innate Abilities, Weirdness & Mutations

You reflexively headbutt those who attack you in melee.
You have a pair of horns on your head.
You passively map a small area around you.
Your muscles are strong. (Str +2)
You are occasionally teleported next to monsters.
Your spells are a little harder to cast, but a little more powerful.


Message History

The ice beast freezes you. You resist.
* * * LOW HITPOINT WARNING * * *
The wyvern bites you.
* * * LOW HITPOINT WARNING * * *
Something hits you.
* * * LOW HITPOINT WARNING * * *
The yak gores you.
* * * LOW HITPOINT WARNING * * *
The wyvern bites you.
* * * LOW HITPOINT WARNING * * *
You hear a zap.
Something tries to affect you, but you resist.
The ice beast hits you but does no damage.
Something hits you.
* * * LOW HITPOINT WARNING * * *
The wyvern bites you but does no damage.
The yak gores you but does no damage. The yak gores you.
* * * LOW HITPOINT WARNING * * *
The yak gores you!
You die...

*
######...##..
#.........?..
#............
#............
#............
#.......l....
,
#...YYl...?..
#<...@Y......
,
#....YY......
, , ,
#............
#..?####.....
* * #...#
##... #...#
,.. ##### # *


You could see 3 yaks, a wyvern, 2 ice beasts and an iguana.

Vanquished Creatures
  Harold (D:7)
  A two-headed ogre (D:10)
  A centaur warrior (D:8)
  Pikel (D:7)
  An ice statue (D:7)
  A centaur skeleton (D:10)
  2 trolls
  4 slime creatures (D:9)
  Prince Ribbit (D:7)
  4 hippogriffs
  Sigmund (D:3)
  A wraith (D:10)
  5 yaks (D:10)
  Edmund (D:4)
  A water moccasin (D:10)
  2 sky beasts (D:8)
  2 slaves (D:7)
  3 ice beasts
  4 orc warriors
  A phantom (D:10)
  2 centaurs (D:8)
  5 ogres
  2 big kobolds
  3 bullfrogs
  A wyvern zombie (D:10)
  A scorpion (D:4)
  4 howler monkeys
  7 crimson imps
  2 centaur zombies
  5 hounds
  2 quasits
  A bullfrog zombie (D:5)
  2 bullfrog skeletons
  7 orc wizards
  2 orc priests
  Terence (D:3)
  2 iguanas
  13 worker ants
  A killer bee zombie (D:8)
  2 hound zombies (D:7)
  A hound skeleton (D:10)
  11 gnolls
  18 adders
  4 shadow imps
  A white imp (D:5)
  An ooze (D:4)
  An adder zombie (D:7)
  An adder skeleton (D:5)
  3 worms (D:2)
  A dart slug (D:3)
  7 leopard geckos
  20 orcs
  8 giant cockroaches
  7 goblins
  7 hobgoblins
  8 jackals
  23 kobolds
  2 quokkas
  2 ball pythons
  8 bats
  7 frilled lizards
  A leopard gecko skeleton (D:7)
  A quokka zombie (D:7)
  4 rats
250 creatures vanquished.

Vanquished Creatures (others)
  A slave (D:7)
1 creature vanquished.

Grand Total: 251 creatures vanquished

Notes
Turn   | Place    | Note
-------+----------+-------------------------------------------
     0 | D:1      | Pilesh the Minotaur Fighter began the quest for the Orb.
     0 | D:1      | Reached XP level 1. HP: 19/19 MP: 0/0
   239 | D:1      | Reached XP level 2. HP: 27/27 MP: 1/1
   334 | D:1      | Reached skill level 3 in Axes
   361 | D:1      | Reached skill level 1 in Dodging
   629 | D:2      | Reached XP level 3. HP: 28/33 MP: 2/2
   865 | D:2      | Found a bloodstained altar of Trog.
   955 | D:2      | Reached XP level 4. HP: 35/40 MP: 3/3
  1345 | D:2      | Found a basalt altar of Yredelemnul.
  1351 | D:2      | Reached skill level 4 in Axes
  1637 | D:2      | Reached XP level 5. HP: 46/46 MP: 4/4
  1952 | D:3      | Found a shimmering altar of Xom.
  1956 | D:3      | Found a shimmering altar of Xom.
  1963 | D:3      | Found a shimmering altar of Xom.
  1967 | D:3      | Noticed Terence
  1980 | D:3      | Killed Terence
  2008 | D:3      | Found a shimmering altar of Xom.
  2119 | D:3      | Found a shattered altar of Ashenzari.
  2125 | D:3      | Found a stormy altar of Qazlal.
  2127 | D:3      | Found a snail-covered altar of Cheibriados.
  2146 | D:3      | Found a white marble altar of Elyvilon.
  2468 | D:3      | Noticed Sigmund
  2516 | D:3      | Killed Sigmund
  2516 | D:3      | Reached skill level 5 in Axes
  2516 | D:3      | Reached XP level 6. HP: 21/55 MP: 5/5
  3271 | D:4      | Reached skill level 5 in Fighting
  3271 | D:4      | Reached skill level 5 in Armour
  3306 | D:4      | Reached skill level 5 in Shields
  3372 | D:4      | Reached XP level 7. HP: 39/61 MP: 6/6
  3558 | D:4      | Noticed Edmund
  3567 | D:4      | Killed Edmund
  3567 | D:4      | Reached skill level 6 in Axes
  3623 | D:5      | Entered Level 5 of the Dungeon
  3778 | D:5      | Found a staircase to the Ecumenical Temple.
  3790 | Temple   | Entered the Ecumenical Temple
  3816 | Temple   | Became a worshipper of Warmaster Okawaru
  4576 | D:6      | Reached XP level 8. HP: 58/70 MP: 7/7
  4619 | D:6      | Reached skill level 7 in Axes
  4623 | D:6      | Reached * piety under Okawaru
  4677 | D:6      | Gained mutation: You are occasionally teleported next to
                  | monsters. [potion of mutation]
  4677 | D:6      | Gained mutation: You passively map a small area around you.
                  | [potion of mutation]
  4677 | D:6      | Gained mutation: Your spells are a little harder to cast,
                  | but a little more powerful. [potion of mutation]
  4677 | D:6      | Gained mutation: Your muscles are strong. (Str +2) [potion
                  | of mutation]
  5000 | D:6      | Reached skill level 8 in Axes
  5399 | D:7      | Noticed Prince Ribbit
  5413 | D:7      | Killed Prince Ribbit
  5413 | D:7      | Reached ** piety under Okawaru
  5413 | D:7      | Reached skill level 5 in Dodging
  5418 | D:7      | Found Hitz's Armour Boutique.
  5500 | D:7      | Noticed a hippogriff
  5506 | D:7      | Reached XP level 9. HP: 78/78 MP: 8/8
  5554 | D:7      | Noticed Harold
  5561 | D:7      | Killed Harold
  5561 | D:7      | Reached skill level 9 in Axes
  5673 | D:7      | Noticed Pikel
  5687 | D:7      | Killed Pikel
  5687 | D:7      | Reached *** piety under Okawaru
  5687 | D:7      | Reached skill level 10 in Axes
  5912 | D:7      | Reached XP level 10. HP: 88/88 MP: 9/9
  5969 | D:7      | Noticed an ice statue
  6151 | D:7      | Killed an ice statue
  6717 | D:8      | Noticed a centaur warrior
  6730 | D:8      | Killed a centaur warrior
  6730 | D:8      | Reached **** piety under Okawaru
  6965 | D:8      | Reached skill level 11 in Axes
  7781 | D:9      | Found a sacrificial altar of Ru.
  8373 | D:10     | Entered Level 10 of the Dungeon
  8504 | D:10     | Reached XP level 11. HP: 97/97 MP: 10/10
  8513 | D:10     | Reached skill level 12 in Axes
  8553 | D:10     | Noticed a two-headed ogre
  8562 | D:10     | Killed a two-headed ogre
  8562 | D:10     | Reached ***** piety under Okawaru
  9146 | D:11     | Noticed Maurice
  9157 | D:11     | Paralysed by something for 2 turns
  9161 | D:11     | Paralysed by something for 7 turns
  9165 | D:11     | HP: 1/97 [yak (5)]
  9165 | D:11     | Mangled by a yak

Vault maps used:
D:1:      tarquinn_simple_flora_water_f
D:2:      yredelemnul_altar_generic, nicolae_overflow_crystal_walls,
          minmay_tromino_v4_b
D:3:      lemuel_crystal_altar, minitemple, serial_bayou, serial_bayou_pond_d,
          serial_bayou_lagoon_a, serial_bayou_pond_a, serial_bayou_lake_a,
          first_ration, xom_redecorated, uniq_sigmund, uniq_terence
D:4:      lightli_corner_chamber, uniq_edmund
D:5:      minmay_temple_entry_glass, chequers_serial_rivers_micro_b,
          minmay_misc_feat_secret_circle, minmay_fire_ice_demons
D:7:      lemuel_ice_statue, serial_shops, shop_coins, uniq_pikel, uniq_harold,
          uniq_prince_ribbit1
D:9:      nicolae_ru_great_annihilating_truth
D:11:     lair_entry_dummy, portal_ice_cave_entry_pillars_1,
          hangedman_tree_tricks, hangedman_stone_soup, uniq_maurice
Temple:   eino_wide_crystal_templ

Skill      XL: |  1  2  3  4  5  6  7  8  9 10 11 |
---------------+----------------------------------+-----
Axes           | 3 4 5 6 8 10 11 12 | 12.4
Dodging        | 1 2 3 5 6 7 |  7.9
Shields        | 4 5 6 8 9 |  9.5
Fighting       | 4 5 6 7 9 |  9.5
Armour         | 4 5 6 7 9 |  9.4

Action                   |  1- 3 |  4- 6 |  7- 9 | 10-12 || total
-------------------------+-------+-------+-------+-------++-------
Melee: War axe           |   136 |   156 |   254 |   265 ||   811
       Headbutt          |    18 |    25 |    50 |    59 ||   152
       Unarmed           |       |    30 |       |       ||    30
  Use: Scroll            |       |    11 |    11 |     5 ||    27
       Potion            |       |     3 |     4 |     3 ||    10
 Stab: Invisible         |       |       |       |     1 ||     1
       Paralysed         |       |       |       |     1 ||     1
  Eat: Chunk             |       |     9 |     8 |     7 ||    24
       Ration            |       |       |       |     1 ||     1
Armor: Scale mail        |     9 |       |       |       ||     9
       Chain mail        |    66 |    97 |   100 |    94 ||   357
Dodge: Dodged            |    42 |    38 |    64 |    71 ||   215
Block: Shield            |    85 |    86 |   175 |   161 ||   507

Table legend:
 A = Non-vault XP
 B = Vault XP
 C = Vault XP percentage of total XP
 D = Non-vault monster count
 E = Vault monster count
 F = Vault count percentage of total count
                 A         B        C        D         E       F
            +---------+---------+-------+---------+---------+-------
      Total |   11544 |    2802 |  19.5 |     234 |      14 |   5.6
            +---------+---------+-------+---------+---------+-------
        D:1 |      33 |       0 |   0.0 |      21 |       0 |   0.0
        D:2 |     159 |      13 |   7.6 |      32 |       1 |   3.0
        D:3 |     118 |     211 |  64.1 |      23 |       2 |   8.0
        D:4 |     349 |     166 |  32.2 |      14 |       1 |   6.7
        D:5 |     231 |      60 |  20.6 |      10 |       2 |  16.7
        D:6 |    1069 |       0 |   0.0 |      25 |       0 |   0.0
        D:7 |    1273 |    2333 |  64.7 |      28 |       4 |  12.5
        D:8 |    2002 |       0 |   0.0 |      18 |       0 |   0.0
        D:9 |    2050 |      19 |   0.9 |      34 |       4 |  10.5
       D:10 |    3808 |       0 |   0.0 |      25 |       0 |   0.0
       D:11 |     452 |       0 |   0.0 |       4 |       0 |   0.0
            +---------+---------+-------+---------+---------+-------
